AoeStats
← Kanna Kamui

Arena

509850983Analyzed
3v3 RM · 3d ago on Sep 28, 2026· 45m 50s· 6 players
Game mode
Random Map
Map size
Normal (6 player)
Population
200
Speed
Normal
Resources
Standard
Victory
Conquest
Starting age
Dark Age
Ending age
Imperial Age
RankedLock teamsTeams togetherTeam positionsShared explorationLock speedFull tech treeHidden civsTurbo modeCheats
Victory
Defeat
🇨🇳 Franks · China
857
+15
🇮🇩 Hindustanis · Indonesia
809
+17
🇹🇼 Britons · Taiwan
753
+19
🇩🇪 Cumans · Germany
870
-19
🇮🇹 Byzantines · Italy
860
-18
🇳🇴 Byzantines · Norway
762
-14
Kanna Kamui
0:26 Loom
11:48 Feudal Age
14:16 Double-Bit Axe
14:28 Stone Mining
14:30 Gold Mining
15:46 Wheelbarrow
19:52 Castle Age
18:26 Fletching
21:06 Bow Saw
22:51 Gold Shaft Mining
25:29 Bodkin Arrow
25:59 Ballistics
25:50 Masonry
26:41 Treadmill Crane
36:13 Imperial Age
34:00 Hand Cart
36:40 Yeomen
37:34 Conscription
38:04 Husbandry
38:53 Architecture
39:37 Chemistry
40:38 Forging
42:52 Bracer
42:15 Light Cavalry
43:22 Horse Collar
44:20 Iron Casting
44:36 Scale Barding Armor
44:32 Padded Archer Armor
45:31 Warwolf
Miyu.
9:46 Feudal Age
8:03 Loom
9:38 Loom
10:45 Horse Collar
10:54 Double-Bit Axe
13:19 Forging
21:05 Castle Age
19:22 Gold Mining
19:25 Stone Mining
20:06 Fletching
20:10 Arson
23:40 Murder Holes
25:44 Ballistics
26:18 Bow Saw
26:13 Heavy Plow
29:55 Grand Trunk Road
30:36 Iron Casting
30:02 Scale Mail Armor
30:08 Scale Barding Armor
30:11 Husbandry
30:00 Town Watch
32:36 Gold Shaft Mining
32:39 Stone Shaft Mining
34:48 Imperial Age
32:56 Wheelbarrow
32:43 Bloodlines
34:14 Hand Cart
35:07 Heavy Camel Rider
37:42 Chemistry
36:08 Elite Ghulam
37:08 Caravan
37:41 Coinage
38:19 Conscription
38:25 Squires
39:27 Blast Furnace
38:48 Chain Barding Armor
38:45 Chain Mail Armor
39:02 Imperial Camel Rider
40:10 Bodkin Arrow
40:15 Padded Archer Armor
41:30 Shatagni
子曰可以有
2:52 Loom
12:13 Feudal Age
16:30 Castle Age
14:33 Double-Bit Axe
17:15 Stone Mining
21:12 Squires
21:45 Fletching
25:49 Forging
25:40 Scale Mail Armor
27:31 Iron Casting
27:38 Town Watch
28:24 Bow Saw
33:37 Imperial Age
31:38 Husbandry
31:47 Scale Barding Armor
32:51 Ordonnance Companies
33:49 Cavalier
35:18 Gold Mining
36:04 Conscription
35:46 Chivalry
37:33 Wheelbarrow
39:48 Blast Furnace
39:10 Chain Barding Armor
39:27 Chain Mail Armor
43:48 Plate Barding Armor
43:44 Hand Cart
45:56 Gold Shaft Mining
Lænsmannj
10:07 Feudal Age
10:37 Loom
10:41 Double-Bit Axe
17:45 Castle Age
15:53 Horse Collar
16:37 Gold Mining
19:01 Bow Saw
23:57 Scale Barding Armor
24:16 Heavy Plow
26:34 Husbandry
29:15 Imperial Age
28:52 Gold Shaft Mining
28:55 Forging
30:41 Heavy Camel Rider
31:48 Conscription
32:21 Crop Rotation
33:34 Stone Mining
34:49 Wheelbarrow
34:10 Fletching
35:29 Chemistry
36:38 Two-Man Saw
36:06 Squires
37:34 Logistica
38:00 Hoardings
40:39 Onager
41:43 Greek Fire
41:06 Elite Cataphract
Miccit88
11:29 Feudal Age
12:02 Double-Bit Axe
11:59 Horse Collar
19:55 Castle Age
18:25 Stone Mining
18:27 Gold Mining
19:42 Forging
19:38 Scale Barding Armor
22:25 Squires
23:13 Wheelbarrow
22:27 Pikeman
24:24 Gold Shaft Mining
23:51 Elite Skirmisher
27:13 Bow Saw
27:08 Heavy Plow
28:22 Husbandry
29:00 Caravan
31:55 Fortified Wall
32:07 Ballistics
35:45 Imperial Age
33:58 Hand Cart
35:31 Iron Casting
35:02 Scale Barding Armor
34:49 Fletching
36:35 Cavalier
37:53 Conscription
LappeN³ | 5eth
0:28 Loom
11:26 Feudal Age
12:25 Gold Mining
12:24 Double-Bit Axe
12:26 Horse Collar
16:19 Wheelbarrow
18:11 Man-at-Arms
30:21 Castle Age
36:00 Imperial Age
33:57 Hand Cart
34:24 Stone Mining
34:56 Bow Saw
35:06 Fletching
34:53 Pikeman
37:33 Town Watch
37:39 Onager
38:55 Capped Ram
40:28 Thumb Ring
40:45 Murder Holes
40:48 Elite Skirmisher
43:03 Chemistry
42:01 Bodkin Arrow
45:39 Two-Man Saw
Connection lost

Rejoining the realm…

Still unreachable

The connection could not be restored.

Session expired

The server has moved on; the page needs a fresh start.